 Dungeon Crawl Stone Soup version 0.30.0-29-ga12c61a403 (webtiles) character file.

Game seed: 15693810243477044963

8807 Peloso the Carver (level 11, -9/97 HPs)
             Began as a Minotaur Fighter on June 24, 2023.
             Was a Believer of Okawaru.
             Mangled by a catoblepas (15 damage)
             ... while petrified by a catoblepas
             ... on level 1 of the Lair of Beasts.
             The game lasted 00:24:52 (10473 turns).

Peloso the Carver (Minotaur Fighter)               Turns: 10473, Time: 00:24:53

Health: -9/97      AC: 20    Str: 26    XL:     11   Next: 14%
Magic:  10/10      EV:  2    Int:  2    God:    Okawaru [**....]
Gold:   191        SH:  0    Dex: 12    Spells: 10/10 levels left

rFire   . . .        a - +1 long sword
rCold   . . .        d - +0 kite shield
rNeg    + + +        y - +1 chain mail of Irarai {Harm rPois rN++ Int-3}
rPois   ∞            c - +2 hat
rElec   .            B - +0 cloak
rCorr   .            h - +3 pair of gloves of the Bedazzled God {*Corrode +Inv Str+3}
SInv    .            (no boots)
Will    .....        (no amulet) Stlth
                     (no ring)
HPRegen 0.36/turn    (no ring)
MPRegen 0.12/turn

%: corrode self (3%), harm (+30% outgoing, +20% incoming)
@: petrified
A: horns 2, retaliatory headbutt
a: Renounce Religion, Evoke Invisibility, Heroism


You were on level 1 of the Lair of Beasts.
You worshipped Okawaru.
Okawaru was pleased with you.
You visited 3 branches of the dungeon, and saw 12 of its levels.
You also visited: Ossuary.

You collected 713 gold pieces.
You spent 522 gold pieces at shops.

Inventory:

Hand Weapons
 a - a +1 long sword (weapon)
Armour
 b - a +0 scale mail
 c - a +2 hat (worn)
 d - a +0 kite shield (worn)
 h - the +3 pair of gloves of the Bedazzled God (worn) {*Corrode +Inv Str+3}
   (You found it on level 2 of the Dungeon)

   Str:       It affects your strength (+3).
   +Inv:      It lets you turn invisible.
   *Corrode:  It may corrode you when you take damage.
 p - a +2 cloak
 y - the +1 chain mail of Irarai (worn) {Harm rPois rN++ Int-3}
   (You bought it in a shop on level 5 of the Dungeon)

   Int:       It affects your intelligence (-3).
   rPois:     It protects you from poison.
   rN:        It greatly protects you from negative energy.
   Harm:      It increases damage dealt and taken.
 B - a +0 cloak (worn)
 K - the +4 chain mail of the Stag {Rampage Int+2}
   (You bought it in a shop on level 5 of the Dungeon)

   Int:       It affects your intelligence (+2).
   Rampage:   It bestows one free step when moving towards enemies.
Jewellery
 I - an amulet of guardian spirit
 L - a +6 ring of intelligence
Wands
 f - a wand of paralysis (8)
 m - a wand of flame (11)
 v - a wand of light (13)
 A - a wand of mindburst (10)
Scrolls
 g - 2 scrolls of enchant weapon
 i - 3 scrolls of blinking
 l - 5 scrolls of fear
 n - 2 scrolls of enchant armour
 u - 4 scrolls of silence
 E - 2 scrolls of poison
 G - a scroll of teleportation
 H - a scroll of fog
Potions
 e - 2 potions of might
 j - 6 potions of curing
 k - 3 potions of haste
 o - a potion of resistance
 q - 4 potions of invisibility
 r - a potion of flight {unknown}
 t - 2 potions of berserk rage {unknown}
 w - 2 potions of magic {unknown}
 x - a potion of mutation {unknown}
 z - 2 potions of degeneration {unknown}
 C - 2 potions of brilliance
 D - a potion of lignification {unknown}
 F - a potion of ambrosia {unknown}
 J - a potion of cancellation {unknown}


   Skills:
 + Level 9.5 Fighting
 + Level 12.5 Long Blades
 + Level 10.2 Armour
 + Level 5.1 Dodging
 + Level 0.6 Stealth
 + Level 9.6 Shields
 + Level 0.2 Invocations


You had 10 spell levels left.
You didn't know any spells.
Your spell library contained the following spells:

 Spells                   Type           Power      Damage    Failure   Level
 Slow                     Hex            0%         N/A       99%         1
 Blink                    Tloc           0%         N/A       100%        2
 Confusing Touch          Hex            0%         N/A       100%        3
 Frozen Ramparts          Ice            0%         1d1       100%        3
 Vampiric Draining        Necr           0%         2d6       100%        3
 Ice Form                 Ice/Tmut       0%         N/A       100%        4
 Manifold Assault         Tloc           0%         N/A       100%        4
 Storm Form               Tmut/Air       0%         N/A       100%        7
 Summon Ice Beast         Ice/Summ       Unusable   N/A       N/A         4

Dungeon Overview and Level Annotations

Branches:
Dungeon (10/15)            Temple (1/1) D:7            Lair (1/5) D:9
Ossuary (visited)
    Orc: D:9-12

Altars:
Ashenzari
Cheibriados
Dithmenos
Elyvilon
Fedhas
Gozag
Hepliaklqana
Kikubaaqudgha
Makhleb
Nemelex Xobeh
Okawaru
Qazlal
Ru
Sif Muna
Trog
Uskayaw
Vehumet
Wu Jian
Xom
Yredelemnul
Zin
The Shining One

Shops:
D:5 *[[   D:10 ??=

Annotations:
D:3 3 runed translucent doors, Quickbrownfox's ghost, amateur DsCj
D:9 exclusion: ice statue


Innate Abilities, Weirdness & Mutations

You have a pair of horns on your head.
You reflexively headbutt those who attack you in melee.


Message History

The catoblepas is severely wounded.
The catoblepas breathes a plume of calcifying dust at you.
The blast of calcifying dust hits you but does no damage.
Unknown command.
You barely miss the catoblepas. You headbutt the catoblepas!
The catoblepas is severely wounded.
You are engulfed in calcifying dust.
Unknown command.
Unknown command.
You feel much better.
You are engulfed in calcifying dust.
The catoblepas gores you!
* * * LOW HITPOINT WARNING * * *
You hit the catoblepas but do no damage.
The catoblepas is severely wounded.
You are engulfed in calcifying dust.
You are slowing down.
The catoblepas gores you but does no damage.
You hit the catoblepas but do no damage.
You headbutt the catoblepas.
The catoblepas is severely wounded.
You are engulfed in calcifying dust.
The catoblepas gores you. The catoblepas gores you!
* * * LOW HITPOINT WARNING * * *
Your limbs are stiffening.
You hit the catoblepas but do no damage.
You headbutt the catoblepas, but do no damage.
The catoblepas is severely wounded.
You are engulfed in calcifying dust.
Your limbs have turned to stone.
You block the catoblepas's attack.
You have turned to stone.
The catoblepas gores you but does no damage.
The catoblepas barely misses you.
The catoblepas gores you but does no damage.
The catoblepas barely misses you.
The catoblepas breathes a plume of calcifying dust at you.
The blast of calcifying dust hits you.
* * * LOW HITPOINT WARNING * * *
You are engulfed in calcifying dust.
The catoblepas gores you but does no damage.
You are engulfed in calcifying dust.
The catoblepas gores you!!
You die...

.## #...#
######...#
........##
P###.....###
#...#..P#
##..##..####...
#..#.........(.
#..##..Y###....
P.. #..#@# ..
###. #...##
#...## ##..
#..# #.# ..


You could see a catoblepas.

Vanquished Creatures
  A boulder beetle (D:9)
  2 two-headed ogres
  A deep elf pyromancer (D:10)
  A komodo dragon (D:10)
  A kobold demonologist (D:10)
  2 trolls (D:10)
  A hornet (D:9)
  Prince Ribbit (D:8)
  A shadow (D:8)
  3 wyverns
  2 steam dragons
  2 vampire mosquitoes (D:10)
  Menkaure (D:6)
  An acid dragon (D:10)
  A water moccasin (D:9)
  Duvessa (D:7)
  4 orc warriors
  3 ice beasts
  4 black bears
  2 centaurs
  An elf zombie (Ossuary)
  2 kobold brigands
  A bullfrog (D:6)
  A scorpion (D:6)
  5 wights (D:8)
  12 killer bees
  Dowan (D:7)
  A troll zombie (Ossuary)
  4 howler monkeys
  An electric eel (D:10)
  3 centaur zombies (Ossuary)
  A jelly (D:5)
  Crazy Yiuf (D:7)
  7 hounds
  A gnoll bouda (D:5)
  7 orc priests
  An iguana (D:5)
  Jessica (D:2)
  A sleepcap (D:6)
  Natasha (thrice) (D:2)
  3 orc wizards
  An ogre zombie (Ossuary)
  7 mummies (Ossuary)
  9 gnolls
  6 adders
  An ufetubus (D:5)
  4 adder zombies (Ossuary)
  2 worms
  2 dart slugs
  39 orcs
  5 bats
  12 endoplasms
  6 giant cockroaches
  7 goblins
  8 hobgoblins
  3 jackals (D:3)
  2 quokkas
  4 ball pythons
  5 frilled lizards
  2 gnoll zombies (Ossuary)
  7 goblin zombies (Ossuary)
  3 hobgoblin zombies (Ossuary)
  18 kobolds
  5 kobold zombies (Ossuary)
  2 quokka zombies (Ossuary)
  2 rats (D:2)
  A rat zombie (Ossuary)
256 creatures vanquished.

Notes
Turn   | Place    | Note
-------+----------+-------------------------------------------
     0 | D:1      | Peloso the Minotaur Fighter began the quest for the Orb.
     0 | D:1      | Reached XP level 1. HP: 19/19 MP: 0/0
   201 | D:1      | Reached XP level 2. HP: 22/27 MP: 1/1
   621 | D:2      | Reached XP level 3. HP: 14/33 MP: 2/2
   718 | D:2      | Reached skill level 3 in Long Blades
   731 | D:2      | Noticed Natasha
   742 | D:2      | Killed Natasha
   863 | D:2      | Found a faded altar of an unknown god.
   865 | D:2      | Reached XP level 4. HP: 39/40 MP: 3/3
   871 | D:2      | Noticed Jessica
   875 | D:2      | Killed Jessica
   924 | D:2      | Noticed Natasha
   933 | D:2      | Killed Natasha
  1026 | D:2      | Reached skill level 4 in Long Blades
  1026 | D:2      | Reached skill level 1 in Dodging
  1036 | D:2      | Reached XP level 5. HP: 15/47 MP: 4/4
  1238 | D:2      | Noticed Natasha
  1241 | D:2      | Killed Natasha
  1319 | D:2      | Identified the +3 pair of gloves of the Bedazzled God
                  | {*Corrode +Inv Str+3}
  1433 | D:3      | Found a runed translucent gate.
  1433 | D:3      | Found a runed translucent gate.
  1435 | D:3      | Noticed Quickbrownfox's ghost (amateur DsCj)
  1446 | D:3      | Found a runed translucent gate.
  1612 | D:3      | Reached skill level 5 in Long Blades
  1762 | D:3      | Reached skill level 5 in Fighting
  1762 | D:3      | Reached XP level 6. HP: 23/56 MP: 5/5
  2548 | D:4      | Found a broken altar of Ashenzari.
  2796 | D:5      | Entered Level 5 of the Dungeon
  2802 | D:4      | Reached skill level 5 in Armour
  2960 | D:5      | Reached skill level 5 in Shields
  3031 | D:5      | Reached XP level 7. HP: 59/61 MP: 6/6
  3195 | D:5      | Found Hirchysu's Assorted Antiques.
  3197 | D:5      | Found Boad Rek's Antique Armour Emporium.
  3198 | D:5      | Found Bimudgh's Antique Armour Boutique.
  3778 | D:6      | Reached skill level 6 in Long Blades
  3986 | D:5      | Bought a spiked chain mail for 294 gold pieces
  3986 | D:5      | Identified the +1 chain mail of Irarai {Harm rPois rN++
                  | Int-3} (You bought it in a shop on level 5 of the Dungeon)
  4126 | D:6      | Reached XP level 8. HP: 68/70 MP: 7/7
  4161 | D:6      | Reached skill level 7 in Long Blades
  4301 | D:6      | Reached skill level 8 in Long Blades
  4370 | D:6      | Identified the +12 hand axe of Bose {drain, Drain Str+3
                  | Int+5}
  4428 | D:6      | Found a shimmering altar of Xom.
  5486 | D:7      | Found a hide-covered altar of Uskayaw.
  5606 | D:7      | Found a staircase to the Ecumenical Temple.
  5615 | Temple   | Entered the Ecumenical Temple
  5669 | D:7      | Noticed Menkaure
  5761 | D:6      | Killed Menkaure
  6043 | D:7      | Identified the +9 dagger "Murmur" {drain, Str+2 Int+3
                  | Stlth-}
  6050 | D:7      | Reached XP level 9. HP: 71/78 MP: 8/8
  6118 | D:7      | Reached skill level 9 in Long Blades
  6182 | D:7      | Noticed Duvessa
  6182 | D:7      | Noticed Dowan
  6190 | D:7      | Killed Dowan
  6195 | D:7      | Killed Duvessa
  6409 | D:7      | Found a runed translucent door.
  6410 | D:7      | Noticed Crazy Yiuf
  6420 | D:7      | Killed Crazy Yiuf
  6731 | D:8      | Found a sand-covered staircase.
  6736 | Ossuary  | Entered an ossuary
  7352 | D:8      | Noticed a two-headed ogre
  7362 | D:8      | Noticed Prince Ribbit
  7366 | D:8      | Killed a two-headed ogre
  7367 | D:8      | Reached skill level 10 in Long Blades
  7385 | D:8      | Killed Prince Ribbit
  7612 | D:8      | Reached skill level 11 in Long Blades
  7612 | D:8      | Reached XP level 10. HP: 72/90 MP: 9/9
  7751 | D:8      | Found a blossoming altar of Fedhas.
  7875 | D:8      | Identified the +6 hand axe "Orb Guardian's Peril" {pain,
                  | rF- Will+ Int+5}
  8091 | D:8      | Found an iron altar of Okawaru.
  8157 | D:8      | Became a worshipper of Warmaster Okawaru
  8281 | D:8      | Found a glowing golden altar of the Shining One.
  8421 | D:5      | Bought a distressingly furry chain mail for 228 gold pieces
  8421 | D:5      | Identified the +4 chain mail of the Stag {Rampage Int+2}
                  | (You bought it in a shop on level 5 of the Dungeon)
  8631 | D:9      | Noticed a boulder beetle
  8651 | D:9      | Killed a boulder beetle
  8651 | D:9      | Reached * piety under Okawaru
  8974 | D:9      | Noticed an ice statue
  9101 | D:9      | Found a staircase to the Lair.
  9251 | D:9      | Reached skill level 12 in Long Blades
  9481 | D:10     | Entered Level 10 of the Dungeon
  9504 | D:10     | Found a sacrificial altar of Ru.
  9528 | D:10     | Found Xiwich's Magic Scroll Shoppe.
  9612 | D:10     | Found Jousem's Magic Scroll Boutique.
  9660 | D:10     | Noticed a two-headed ogre
  9667 | D:10     | Noticed a soul eater
  9675 | D:10     | Killed a two-headed ogre
  9676 | D:10     | Noticed a deep elf pyromancer
  9692 | D:10     | Noticed an orange demon
  9696 | D:10     | Killed a deep elf pyromancer
  9696 | D:10     | Reached ** piety under Okawaru
  9835 | D:10     | Reached skill level 10 in Armour
  9853 | D:10     | HP: 1/91 [steam dragon/ball of steam (14)]
  9952 | D:10     | Found Fidof's Jewellery Emporium.
 10012 | D:10     | Reached XP level 11. HP: 62/97 MP: 10/10
 10225 | D:10     | Reached skill level 5 in Dodging
 10234 | D:10     | Reached *** piety under Okawaru
 10404 | Lair:1   | Entered Level 1 of the Lair of Beasts
 10422 | Lair:1   | Noticed a catoblepas
 10473 | Lair:1   | Mangled by a catoblepas

Illustrated notes

Levels and vault maps discovered:
D:1:      heliophobic_arrival_dark_side_of_the_moon, layout_rooms,
          minmay_misc_feat_secret_circle
D:2:      layout_rooms, serial_glass, glass_columns_c, glass_columns_a,
          ebering_ecumenical_altar_sacrificial, uniq_natasha, uniq_jessica
D:3:      layout_loops_cross, gammafunk_ghost_nasty_kobolds
D:4:      layout_cave_pools, lemuel_round_altar, serial_column_ruins,
          column_ruins_open_tiny, column_ruins_grid_1, column_ruins_grid_1,
          column_ruins_grid_3, column_ruins_grid_1, minmay_misc_feat_x
D:5:      layout_basic, nicolae_wooded_promenade, st_stairs_2,
          kennysheep_generic_room_12
D:6:      layout_basic, lemuel_round_altar
D:7:      layout_basic, nicolae_uskayaw_suspiria, lemuel_temple_firewalk_b,
          chequers_jeans, minmay_misc_feat_enclosed, uniq_menkaure,
          uniq_duvessa, uniq_crazy_yiuf_cottage
D:8:      layout_basic, tso_oasis_becter, mainiacjoe_overflow_six_doors_small,
          okawaru_ov_weapons_minmay, enter_ossuary_5, grunt_decor_junction,
          uniq_prince_ribbit1
D:9:      layout_basic, lair_entry_dummy, minivault_15
D:10:     minmay_the_grid_3x3 [minmay_the_grid_dragon_b,
          minmay_the_grid_embedded, minmay_the_grid_x, minmay_the_grid_dragon_a,
          minmay_the_grid_rooms, minmay_the_grid_aliased_spiral,
          minmay_the_grid_minigrid_medium, minmay_the_grid_paths,
          minmay_the_grid_prize_inner_circle], layout_long_grid,
          mainiacjoe_overflow_paths, serial_shops, nicolae_shop_rolled_up,
          nicolae_shop_waterfront, nicolae_shop_waterfront, glass_columns_c,
          nicolae_elevator_lobby_asterisk
Temple:   minmay_freezing_vapour_temple
Lair:1:   layout_cave_pods

Skill      XL: |  1  2  3  4  5  6  7  8  9 10 11 |
---------------+----------------------------------+-----
Fighting       | 4 5 6 8 9 |  9.5
Shields        | 4 5 6 7 9 |  9.6
Armour         | 4 5 6 7 8 10 | 10.2
Long Blades    | 3 4 5 6 8 11 12 | 12.5
Dodging        | 1 2 3 4 5 |  5.1
Stealth        | |  0.6
Invocations    | |  0.2

Action                     |  1- 3 |  4- 6 |  7- 9 | 10-12 || total
---------------------------+-------+-------+-------+-------++-------
  Melee: Long sword        |    61 |   184 |   350 |   265 ||   860
         Headbutt          |    10 |    28 |    72 |    67 ||   177
 Invoke: Heroism           |       |       |       |     5 ||     5
  Evoke: Wand              |       |       |       |     2 ||     2
    Use: Scroll            |     2 |     1 |    11 |     3 ||    17
         Potion            |     2 |       |       |     7 ||     9
 Armour: Scale mail        |    33 |    89 |    37 |       ||   159
         Chain mail        |       |       |   175 |   124 ||   299
  Dodge: Dodged            |    37 |    93 |   153 |    95 ||   378
  Block: Buckler           |    25 |    40 |    51 |       ||   116
         Kite shield       |       |       |    60 |   136 ||   196
